 Dungeon Crawl Stone Soup version 0.26-a0-576-gcfaa98f945 (webtiles) character file.

Game seed: 15015776189948191748

9 Hah the Chopper (level 2, 27/27 HPs)
             Began as a Minotaur Berserker on Aug 22, 2020.
             Was a Follower of Trog.
             Quit the game on level 1 of the Dungeon.
             The game lasted 00:00:36 (659 turns).

Hah the Chopper (Minotaur Berserker)                 Turns: 659, Time: 00:00:36

Health: 27/27      AC:  2    Str: 21    XL:     2   Next: 6%
Magic:  1/1        EV: 12    Int:  4    God:    Trog [*.....]
Gold:   26         SH:  0    Dex:  9    Spells: 1/1 levels left

rFire    . . .     SeeInvis .   a - +0 hand axe
rCold    . . .     Faith    .   (no shield)
rNeg     . . .     Spirit   .   b - +0 animal skin
rPois    .         Reflect  .   (helmet restricted)
rElec    .         Harm     .   (no cloak)
rCorr    .                      (no gloves)
MR       .....                  (no boots)
Stlth    +.........             (no amulet)
HPRegen  0.09/turn              (no ring)
MPRegen  0.07/turn              (no ring)

@: no status effects
A: retaliatory headbutt, horns 2
a: Berserk, Renounce Religion


You were on level 1 of the Dungeon.
You worshipped Trog.
Trog was aware of your devotion.
You visited 1 branch of the dungeon, and saw 1 of its levels.

You collected 26 gold pieces.

Inventory:

Hand Weapons
 a - a +0 hand axe (weapon)
Armour
 b - a +0 animal skin (worn)
Jewellery
 f - a +6 ring of dexterity {unknown}
Scrolls
 d - a scroll of random uselessness {unknown}
 e - a scroll of identify {unknown}
Potions
 c - 2 potions of haste {unknown}
 g - a potion of invisibility {unknown}


   Skills:
 + Level 3.8 Fighting
 + Level 3.8 Axes
 + Level 2.7 Armour
 + Level 2.4 Dodging


You had one spell level left.
You didn't know any spells.
Your spell library was empty.

Dungeon Overview and Level Annotations

Branches:
Dungeon (1/15)

Altars:


Innate Abilities, Weirdness & Mutations

You reflexively headbutt those who attack you in melee.
You have a pair of horns on your head.


Message History

You feel a strong urge to attack something.
You feel your anger nearly subside.
You are no longer berserk.
You are exhausted.
You feel yourself slow down.
You start resting.
You feel yourself speed up.
You start resting.
You recover from your berserk rage.
You start resting.
HP restored.
You start waiting.
Done waiting.
You start waiting.
Done waiting.
Unknown command.
Unknown command.
Unknown command.
Unknown command.
Are you sure you want to abandon this character and quit the game? (Confirm with "yes".)

.......... .##+#######
###.##......
..........###.#.##......
..............#.# ......
#.........###.#.# ....
#.......#####.#.######.#
#+#.....................
#........#####.#.######.#
#....[..@......#.######.#
#........#######........#
#.....................###
#.....##..............#
#.....##..............#
#.....##..............#
#.....##..............#
#.....##..............#
#########.....##..............#


There were no monsters in sight!

Vanquished Creatures
  A leopard gecko (D:1)
  A giant cockroach (D:1)
  3 hobgoblins (D:1)
  A ball python (D:1)
  A bat (D:1)
  A rat (D:1)
8 creatures vanquished.

Notes
Turn   | Place    | Note
-------+----------+-------------------------------------------
     0 | D:1      | Hah the Minotaur Berserker began the quest for the Orb.
     0 | D:1      | Reached XP level 1. HP: 19/19 MP: 0/0
   279 | D:1      | Reached XP level 2. HP: 14/27 MP: 1/1
   659 | D:1      | Quit the game

Illustrated notes

Levels and vault maps discovered:
D:1:      mainiacjoe_arrival_reflecting_pool, layout_basic

Action                   || total
-------------------------++-------
Melee: Hand axe          ||     9
       Headbutt          ||     1
Invok: Berserk           ||     1
Armor: Animal skin       ||     5
Dodge: Dodged            ||    10

Table legend: (Time is in decaauts)
 A = Elapsed time spent in this place.
 B = Non-inter-level travel time spent in this place.
 C = Inter-level travel time spent in this place.
 D = Time resting spent in this place.
 E = Time spent auto-exploring this place.
 F = Levels seen in this place.
 G = Mean time per level.
                   A        B        C        D        E       F      G
               +--------+--------+--------+--------+--------+-----+--------+
         Total |    674 |    674 |      0 |    365 |    241 |   1 |  674.0 |
       Dungeon |    674 |    674 |      0 |    365 |    241 |   1 |  674.0 |
               +--------+--------+--------+--------+--------+-----+--------+

Top non-repeatable levels by time:
     D:1: 674 daAuts
